 Dungeon Sprint DCSS version 0.22-a0-469-gf26638a (webtiles) character file.

5131 emperorscorpion the Fencer (level 10, -4/107 HPs)
             Began as a Minotaur Berserker on June 12, 2018.
             Was an Elder of Trog.
             Slain by Arachne
             ... wielding an uncursed staff of poison
              (22 damage)
             ... in the Dungeon (Sprint VII: "The Pits").
             The game lasted 00:06:14 (547 turns).

emperorscorpion the Fencer (Minotaur Berserker)      Turns: 547, Time: 00:06:15

Health: -4/107     AC: 15    Str: 27    XL:     10   Next: 33%
Magic:  9/9        EV: 15    Int:  4    God:    Trog [****..]
Gold:   0          SH:  0    Dex: 14    Spells: 9/9 levels left

rFire    . . .     SeeInvis .   a - +3 great sword (protect)
rCold    . . .     Gourm    .   (shield currently unavailable)
rNeg     . . .     Faith    .   w - +4 scale mail
rPois    .         Spirit   .   A - +1 hat
rElec    .         Reflect  .   v - +0 cloak
rCorr    .         Harm     .   (no gloves)
MR       ++...     NoTele   +   (no boots)
Stlth    ..........             (no amulet)
HPRegen  1.27/turn              r - +3 ring of dexterity
MPRegen  0.11/turn              s - +3 ring of strength

@: lethally poisoned (-4 -> -5), berserk cooldown, regenerating
A: retaliatory headbutt, horns 2
a: Berserk, Trog's Hand, Brothers in Arms, Renounce Religion


You were in the Dungeon.
You worshipped Trog.
Trog was greatly pleased with you.
You were very hungry.

You visited 1 branch

Inventory:

Hand Weapons
 a - a +3 great sword of protection (weapon)
 b - a +0 long sword of flaming
 j - a +0 falchion
 n - a +0 dagger
 u - a +2 scimitar of slicing
 x - a +2 falchion
Missiles
 y - 4 tomahawks of returning (quivered)
Armour
 p - a +0 animal skin
 q - a +3 chain mail
 v - a +0 cloak (worn)
 w - a +4 scale mail (worn)
 A - a +1 hat (worn)
Jewellery
 r - a +3 ring of dexterity (left hand)
 s - a +3 ring of strength (right hand)
Scrolls
 i - a scroll of blinking
 l - 3 scrolls of remove curse
 m - a scroll of summoning
Potions
 d - 10 potions of curing
 e - 8 potions of heal wounds
 f - 3 potions of haste
 g - 4 potions of magic
 h - 3 potions of berserk rage
 k - 2 potions of invisibility
 t - a potion of mutation
 z - a potion of agility {unknown}
Comestibles
 c - 9 rations
 o - 2 chunks of flesh


   Skills:
 + Level 15.6 Fighting
 + Level 18.7 Long Blades
 + Level 11.9 Armour
 + Level 8.2 Dodging


You had 9 spell levels left.
You didn't know any spells.
Your spell library was empty.

Dungeon Overview and Level Annotations

Branches:
Dungeon (1/1)

Altars:

Annotations:
D Arachne, Rupert


Innate Abilities, Weirdness & Mutations

You reflexively headbutt those who attack you in melee.
You have a pair of horns on your head.


Message History

You feel sick.
You feel sick.
Your ogre goes berserk!
You feel quite a bit more hungry. Trog will no longer gift you weapons.
You feel sick.
Rupert screams, "Hurray!"
Arachne barely misses you. You furiously retaliate!
You headbutt Arachne, but do no damage.
You feel sick.
Your ogre barely misses Arachne.
Arachne hits you but does no damage.
You feel sick.
Your ogre barely misses Arachne.
Rupert says, "My Mum always said: 'Kill them all.'" You feel sick.
Arachne hits you but does no damage.
You feel sick.
Your ogre hits Arachne with a giant spiked club!!
There is an open door here.
The deep elf mage mumbles some strange words.
Arachne hits you with a staff of poison!!
You die...

))#####'#####''######
))##.......##†'# ####
).##.......##..# ..###...#
..##.......##).# #+# .......
'###...<...##).# ##.##.....#
..##.......##..# ##...##...# #
..##.......##..####...E.##.##.#
####.......##...##.s....#..†#.#..
.. ##########...@HO.@..e'..†'.'..
.############...##...E.W#4..#.#..
.#....#..[[##..####.....##H##
)#....#....##..##.##...##...##
.'....'..))##..##..##.##.....#...
(#....#..))##..# #..#(#.........#
)#....#..).##..# #...)†)###...##
################ ######## ####


You could see Arachne, Rupert, a deep elf mage, a hungry ghost, 2 fire
elementals, a tarantella and a friendly ogre (berserk).

Vanquished Creatures
  Gastronok (D)
  A great orb of eyes (D)
  A deep troll (D)
  A lindwurm (D)
  A rime drake (D)
  A guardian mummy (D)
  A merfolk (D)
  A jumping spider (D)
  A basilisk (D)
  A floating eye (D)
  An ogre (D)
  A black bear (D)
  A phantom (D)
  A wolf (D)
  A big kobold (D)
  A bullfrog (D)
  A hound (D)
  3 orc priests (D)
  2 worker ants (D)
  A white imp (D)
  2 leopard geckos (D)
  2 orcs (D)
  A bat skeleton (D)
  A giant cockroach (D)
  A goblin (D)
  A hobgoblin (D)
  2 kobolds (D)
  A bat (D)
  A frilled lizard (D)
  A rat (D)
36 creatures vanquished.

Vanquished Creatures (collateral kills)
  A death knight (D)
  A gargoyle (D)
  A komodo dragon (D)
  A tyrant leech (D)
  A shadow (D)
  A wraith (D)
  A river rat (D)
  A giant cockroach (D)
8 creatures vanquished.

Grand Total: 44 creatures vanquished

Notes
Turn   | Place    | Note
-------+----------+-------------------------------------------
     0 | D        | emperorscorpion the Minotaur Berserker began the quest for the Orb.
     0 | D        | Reached XP level 1. HP: 19/19 MP: 0/0
    11 | D        | Reached skill level 4 in Long Blades
    43 | D        | Noticed a worker ant
    50 | D        | Killed a worker ant
    50 | D        | Reached ** piety under Trog
    50 | D        | Reached skill level 5 in Fighting
    50 | D        | Reached skill level 5 in Long Blades
    50 | D        | Reached XP level 2. HP: 25/30 MP: 1/1
    57 | D        | Reached XP level 3. HP: 32/37 MP: 2/2
    64 | D        | Reached skill level 6 in Long Blades
    65 | D        | Noticed a floating eye
    70 | D        | Reached *** piety under Trog
    72 | D        | Killed a floating eye
    72 | D        | Reached skill level 8 in Long Blades
    72 | D        | Reached XP level 4. HP: 44/48 MP: 3/3
    77 | D        | Reached XP level 5. HP: 43/55 MP: 4/4
   163 | D        | Reached **** piety under Trog
   163 | D        | Reached skill level 9 in Long Blades
   163 | D        | Reached skill level 5 in Armour
   174 | D        | Reached skill level 10 in Long Blades
   176 | D        | Reached skill level 5 in Dodging
   176 | D        | Reached XP level 6. HP: 45/66 MP: 5/5
   193 | D        | Reached ***** piety under Trog
   202 | D        | Reached skill level 10 in Fighting
   202 | D        | Reached skill level 11 in Long Blades
   238 | D        | Noticed a jumping spider
   246 | D        | Killed a jumping spider
   246 | D        | Reached skill level 12 in Long Blades
   246 | D        | Reached XP level 7. HP: 38/74 MP: 6/6
   259 | D        | Reached skill level 13 in Long Blades
   276 | D        | Noticed a rime drake
   282 | D        | Killed a rime drake
   282 | D        | Reached skill level 14 in Long Blades
   282 | D        | Reached XP level 8. HP: 70/84 MP: 7/7
   286 | D        | Noticed a guardian mummy
   293 | D        | Killed a guardian mummy
   293 | D        | Reached ****** piety under Trog
   402 | D        | Noticed a deep troll
   403 | D        | Noticed a lindwurm
   407 | D        | Received a gift from Trog
   417 | D        | Killed a deep troll
   417 | D        | Reached skill level 15 in Long Blades
   417 | D        | Reached XP level 9. HP: 93/93 MP: 8/8
   419 | D        | Killed a lindwurm
   419 | D        | Received a gift from Trog
   419 | D        | Reached skill level 16 in Long Blades
   419 | D        | Reached skill level 10 in Armour
   449 | D        | Noticed a death knight
   449 | D        | Noticed a gargoyle
   449 | D        | Noticed Gastronok
   449 | D        | Noticed a tyrant leech
   462 | D        | Killed a death knight
   464 | D        | Killed a gargoyle
   466 | D        | Killed a tyrant leech
   466 | D        | Reached skill level 17 in Long Blades
   474 | D        | Killed Gastronok
   474 | D        | Reached skill level 15 in Fighting
   497 | D        | Noticed a merfolk
   502 | D        | Reached XP level 10. HP: 88/105 MP: 9/9
   502 | D        | Received a gift from Trog
   503 | D        | Noticed a great orb of eyes
   507 | D        | Reached skill level 18 in Long Blades
   514 | D        | Killed a great orb of eyes
   527 | D        | Noticed Arachne
   529 | D        | Noticed a deep elf mage
   530 | D        | Noticed Rupert
   530 | D        | Noticed an orange demon
   547 | D        | Slain by Arachne

Vault maps used:
D:        pitsprint

Skill      XL: |  1  2  3  4  5  6  7  8  9 10 |
---------------+-------------------------------+-----
Fighting       | 5 7 8 9 11 12 13 15 | 15.6
Long Blades    | 5 8 10 12 14 15 17 18 | 18.7
Armour         | 3 4 5 7 8 9 11 | 11.9
Dodging        | 3 4 5 6 7 8 |  8.2

Action                   |  1- 3 |  4- 6 |  7- 9 | 10-12 || total
-------------------------+-------+-------+-------+-------++-------
Melee: Falchion          |    14 |     2 |       |       ||    16
       Headbutt          |     6 |     7 |    12 |     4 ||    29
       Long sword        |       |    35 |    33 |       ||    68
       Great sword       |       |       |     2 |    13 ||    15
Invok: Berserk           |       |     2 |     3 |       ||     5
       Trog's Hand       |       |     1 |     3 |     1 ||     5
       Brothers in Arms  |       |       |     3 |     2 ||     5
  Eat: Chunk             |       |       |     5 |     2 ||     7
Armor: Animal skin       |     2 |       |       |       ||     2
       Chain mail        |       |    16 |    17 |       ||    33
       Scale mail        |       |       |     4 |    11 ||    15
Dodge: Dodged            |     6 |    11 |    20 |    15 ||    52
       Rpst.: Falchion   |     3 |     1 |       |       ||     4
       Long sword        |       |     3 |     2 |       ||     5
       Great sword       |       |       |       |     1 ||     1

Table legend:
 A = Spawn XP
 B = Non-spawn XP
 C = Spawn XP percentage of total XP
 D = Spawn monster count
 E = Non-spawn monster count
 F = Spawn count percentage of total count
 G = Total turns spent on level
                    A         B        C        D         E        F      G
               +---------+---------+-------+---------+---------+-------+---------
         Total |       0 |    7330 |   0.0 |       0 |      44 |   0.0 |   547
               +---------+---------+-------+---------+---------+-------+---------
             D |       0 |    7330 |   0.0 |       0 |      44 |   0.0 |   547
               +---------+---------+-------+---------+---------+-------+---------
